[ PARTIDA AOE2 · #467749082 ]
UnrankedMalíes vs Saracens
Equipo del jugador · DERR
[ ANÁLISIS DE REPETICIÓN · EXTRAÍDO DE LA PARTIDA GRABADA ]
Feudal
13:17
Castillos
17:12
Imperial
—
| APM promedio | 61.6 |
| APM pico | 97 |
| eAPM promedio | 36.5 |
| Aldeanos / militares | 52 / 58 |
Foco
⚔️ 26.5% · 🌾 73.5%
Gbeto ×48 · Fishing Ship ×12 · Battering Ram ×8 · Mangonel ×2
Feudal
12:07
Castillos
18:46
Imperial
38:09
| APM promedio | 52.4 |
| APM pico | 114 |
| eAPM promedio | 25.8 |
| Aldeanos / militares | 145 / 49 |
Foco
⚔️ 40.7% · 🌾 59.3%
Archer ×30 · Unknown (2626) ×22 · Fishing Ship ×13 · Galley ×7 · Fire Galley ×7 · Knight ×3
Feudal
12:58
Castillos
16:59
Imperial
—
| APM promedio | 31.1 |
| APM pico | 52 |
| eAPM promedio | 22.0 |
| Aldeanos / militares | 89 / 55 |
Foco
⚔️ 29.1% · 🌾 70.9%
Eagle Scout ×47 · Fishing Ship ×15 · Unknown (2626) ×7 · Jaguar Warrior ×5 · Fire Galley ×2 · Scorpion ×1
Feudal
12:55
Castillos
16:38
Imperial
34:28
| APM promedio | 35.0 |
| APM pico | 63 |
| eAPM promedio | 18.8 |
| Aldeanos / militares | 68 / 27 |
Foco
⚔️ 36.7% · 🌾 63.3%
Fishing Ship ×17 · Monk ×11 · Mangonel ×6 · Spearman ×4 · Trebuchet (Packed) ×4 · Battering Ram ×1
Feudal
13:35
Castillos
18:26
Imperial
—
| APM promedio | 37.4 |
| APM pico | 75 |
| eAPM promedio | 16.5 |
| Aldeanos / militares | 57 / 30 |
Foco
⚔️ 30.8% · 🌾 69.2%
Composite Bowman ×25 · Unknown (2626) ×14 · Fishing Ship ×12 · Scorpion ×3 · Fire Galley ×2
Feudal
13:54
Castillos
19:41
Imperial
36:40
| APM promedio | 41.1 |
| APM pico | 65 |
| eAPM promedio | 25.9 |
| Aldeanos / militares | 107 / 0 |
Foco
⚔️ 47.2% · 🌾 52.8%
Unknown (2579) ×58 · Unknown (2626) ×16 · Fishing Ship ×12
Feudal
13:38
Castillos
17:25
Imperial
31:42
| APM promedio | 50.8 |
| APM pico | 86 |
| eAPM promedio | 22.6 |
| Aldeanos / militares | 104 / 85 |
Foco
⚔️ 36.5% · 🌾 63.5%
Archer ×74 · Fishing Ship ×41 · Trebuchet (Packed) ×6 · Mangonel ×5 · Unknown (2626) ×2
Feudal
13:34
Castillos
17:44
Imperial
—
| APM promedio | 25.3 |
| APM pico | 52 |
| eAPM promedio | 14.1 |
| Aldeanos / militares | 92 / 14 |
Foco
⚔️ 26.7% · 🌾 73.3%
Fishing Ship ×9 · Mangonel ×7 · Obuch ×4 · Scout Cavalry ×2 · Scorpion ×1
Mapa de la partida
Recursos iniciales + cada clic de construcción. Líneas = muros · curvas = relieve. ◆ oro · ⬟ piedra · ● bayas · ✦ reliquia · ◌ hueco del cierre
Tu base· Abierta — hueco de 6t
Base de RD | Kiko· Abierta — hueco de 10t
Base de GRANDFATHER· Abierta — hueco de 8t
Base de slam· Abierta — hueco de 14t
Base de General Maximus Decimus Meridius· Abierta — flanco sin cerrar
Base de G-Dragon· Abierta — hueco de 11t
Base de 白龍· Abierta — flanco sin cerrar
Base de AeS.Sero· Abierta — flanco sin cerrar
Terreno inicial suavizado · ◌ = hueco del cierre detectado · pasá el cursor para detalles
Inputs por minuto
— PUNISHER - - RD | Kiko
Build order — PUNISHER
Primeras 150 de 210 acciones detectadas
| 0:13 | Construir | Town Center |
| 0:51 | Construir | Dock |
| 0:53 | Construir | House |
| 2:35 | Crear | Villager (Male) |
| 2:35 | Crear | Villager (Male) |
| 2:35 | Crear | Villager (Male) |
| 2:48 | Crear | Villager (Male) |
| 3:33 | Crear | Fishing Ship |
| 3:37 | Construir | Palisade Wall |
| 3:43 | Construir | Palisade Wall |
| 4:08 | Crear | Villager (Male) |
| 4:19 | Construir | House |
| 4:38 | Crear | Villager (Male) |
| 4:58 | Crear | Villager (Male) |
| 5:18 | Crear | Fishing Ship |
| 5:18 | Crear | Fishing Ship |
| 5:35 | Crear | Villager (Male) |
| 5:35 | Crear | Villager (Male) |
| 5:53 | Crear | Villager (Male) |
| 5:54 | Crear | Villager (Male) |
| 5:57 | Construir | House |
| 6:23 | Crear | Fishing Ship |
| 6:27 | Construir | House |
| 6:29 | Crear | Villager (Male) |
| 6:46 | Crear | Villager (Male) |
| 6:46 | Crear | Villager (Male) |
| 7:09 | Crear | Fishing Ship |
| 7:17 | Crear | Villager (Male) |
| 7:39 | Crear | Villager (Male) |
| 7:43 | Crear | Fishing Ship |
| 8:01 | Construir | House |
| 8:04 | Crear | Villager (Male) |
| 8:32 | Construir | House |
| 8:33 | Construir | Palisade Wall |
| 8:34 | Construir | Palisade Wall |
| 8:37 | Crear | Villager (Male) |
| 8:39 | Crear | Fishing Ship |
| 8:57 | Crear | Villager (Male) |
| 9:11 | Crear | Villager (Male) |
| 9:31 | Construir | Mill |
| 9:41 | Crear | Villager (Male) |
| 9:43 | Crear | Fishing Ship |
| 10:07 | Crear | Villager (Male) |
| 10:17 | Construir | Mining Camp |
| 10:38 | Investigar | Loom |
| 10:40 | Crear | Villager (Male) |
| 10:55 | Investigar | Feudal Age |
| 10:55 | Investigar | Feudal Age |
| 11:29 | Construir | Dock |
| 12:00 | Crear | Villager (Male) |
| 12:00 | Crear | Villager (Male) |
| 12:04 | Crear | Fishing Ship |
| 12:13 | Crear | Fishing Ship |
| 12:32 | Crear | Fishing Ship |
| 12:39 | Construir | House |
| 12:39 | Construir | Palisade Wall |
| 13:01 | Crear | Fishing Ship |
| 13:17 | Investigar | Loom |
| 13:17 | Edad | Edad Feudal |
| 13:20 | Construir | Blacksmith |
| 13:35 | Construir | Market |
| 13:38 | Crear | Villager (Male) |
| 14:23 | Investigar | Castle Age |
| 14:23 | Investigar | Castle Age |
| 14:26 | Construir | House |
| 14:29 | Construir | House |
| 14:30 | Construir | Palisade Wall |
| 14:34 | Construir | House |
| 14:46 | Construir | Palisade Wall |
| 14:47 | Construir | Palisade Wall |
| 14:48 | Construir | Palisade Wall |
| 14:51 | Construir | Palisade Wall |
| 14:55 | Construir | Lumber Camp |
| 15:12 | Construir | Palisade Wall |
| 15:19 | Investigar | Stone Mining |
| 15:20 | Investigar | Double-Bit Axe |
| 15:33 | Construir | Watch Tower |
| 15:46 | Crear | Villager (Male) |
| 17:01 | Crear | Villager (Male) |
| 17:12 | Edad | Edad de los Castillos |
| 17:27 | Crear | Villager (Male) |
| 17:51 | Construir | Castle |
| 17:52 | Crear | Villager (Male) |
| 18:28 | Construir | House |
| 18:39 | Crear | Villager (Male) |
| 18:50 | Construir | Watch Tower |
| 18:57 | Investigar | Fletching |
| 19:28 | Crear | Villager (Male) |
| 19:54 | Crear | Villager (Male) |
| 20:08 | Crear | Villager (Male) |
| 20:16 | Crear | Gbeto |
| 20:25 | Crear | Villager (Male) |
| 21:06 | Crear | Gbeto |
| 21:09 | Crear | Gbeto |
| 21:13 | Construir | House |
| 21:16 | Crear | Villager (Male) |
| 21:21 | Construir | Siege Workshop |
| 21:31 | Construir | Siege Workshop |
| 21:43 | Construir | Mining Camp |
| 21:50 | Construir | House |
| 21:51 | Crear | Villager (Male) |
| 21:55 | Crear | Gbeto |
| 22:04 | Crear | Villager (Male) |
| 22:20 | Crear | Mangonel |
| 22:37 | Crear | Villager (Male) |
| 22:53 | Crear | Mangonel |
| 23:12 | Crear | Villager (Male) |
| 23:23 | Crear | Gbeto |
| 23:53 | Crear | Gbeto |
| 23:58 | Crear | Villager (Male) |
| 24:12 | Crear | Gbeto |
| 24:27 | Construir | Farm |
| 24:27 | Construir | Farm |
| 24:28 | Construir | Farm |
| 24:28 | Construir | Farm |
| 24:28 | Construir | Farm |
| 24:30 | Construir | Farm |
| 24:30 | Construir | Farm |
| 24:42 | Crear | Villager (Male) |
| 24:45 | Crear | Battering Ram |
| 24:49 | Crear | Gbeto |
| 25:34 | Crear | Gbeto |
| 25:59 | Crear | Gbeto |
| 26:03 | Crear | Villager (Male) |
| 26:08 | Construir | Castle |
| 26:14 | Crear | Villager (Male) |
| 26:54 | Crear | Villager (Male) |
| 27:05 | Crear | Villager (Male) |
| 27:06 | Construir | House |
| 27:10 | Construir | Farm |
| 27:11 | Construir | Farm |
| 27:14 | Construir | Farm |
| 27:16 | Construir | Farm |
| 27:24 | Crear | Gbeto |
| 27:25 | Crear | Gbeto |
| 27:40 | Crear | Gbeto |
| 27:42 | Crear | Villager (Male) |
| 27:43 | Construir | House |
| 27:52 | Investigar | Wheelbarrow |
| 27:56 | Construir | Outpost |
| 28:03 | Crear | Gbeto |
| 28:04 | Crear | Villager (Male) |
| 28:14 | Crear | Gbeto |
| 28:15 | Crear | Gbeto |
| 28:16 | Crear | Villager (Male) |
| 28:35 | Crear | Gbeto |
| 28:37 | Crear | Villager (Male) |
| 28:47 | Crear | Gbeto |
| 28:54 | Crear | Villager (Male) |
| 29:04 | Construir | Lumber Camp |
Build order — RD | Kiko
Primeras 150 de 369 acciones detectadas
| 0:10 | Construir | Town Center |
| 1:23 | Construir | Dock |
| 2:20 | Construir | House |
| 2:42 | Crear | Villager (Male) |
| 2:42 | Crear | Villager (Male) |
| 2:43 | Crear | Villager (Male) |
| 2:43 | Crear | Villager (Male) |
| 4:06 | Crear | Villager (Male) |
| 4:06 | Crear | Villager (Male) |
| 4:18 | Construir | House |
| 4:56 | Crear | Villager (Male) |
| 4:56 | Crear | Villager (Male) |
| 5:01 | Crear | Fishing Ship |
| 5:01 | Crear | Fishing Ship |
| 5:33 | Crear | Villager (Male) |
| 5:50 | Construir | House |
| 6:02 | Crear | Fishing Ship |
| 6:03 | Crear | Villager (Male) |
| 6:32 | Crear | Villager (Male) |
| 6:53 | Crear | Fishing Ship |
| 6:55 | Crear | Villager (Male) |
| 7:11 | Crear | Villager (Male) |
| 7:35 | Crear | Villager (Male) |
| 7:43 | Construir | House |
| 7:49 | Crear | Fishing Ship |
| 8:04 | Crear | Villager (Male) |
| 8:04 | Crear | Villager (Male) |
| 8:04 | Crear | Villager (Male) |
| 8:27 | Crear | Villager (Male) |
| 8:45 | Construir | Lumber Camp |
| 9:10 | Investigar | Loom |
| 9:35 | Crear | Fishing Ship |
| 9:57 | Investigar | Feudal Age |
| 10:18 | Construir | Mining Camp |
| 10:28 | Construir | House |
| 10:40 | Construir | Barracks |
| 10:46 | Crear | Villager (Male) |
| 11:41 | Crear | Villager (Male) |
| 12:07 | Edad | Edad Feudal |
| 12:07 | Construir | Dock |
| 12:09 | Crear | Villager (Male) |
| 12:17 | Construir | Archery Range |
| 12:28 | Investigar | Double-Bit Axe |
| 12:31 | Crear | Villager (Male) |
| 12:48 | Construir | Mill |
| 13:01 | Construir | House |
| 13:05 | Crear | Archer |
| 13:05 | Crear | Archer |
| 13:07 | Crear | Villager (Male) |
| 13:27 | Crear | Villager (Male) |
| 13:34 | Crear | Villager (Male) |
| 13:37 | Construir | Market |
| 13:40 | Construir | House |
| 13:45 | Crear | Villager (Male) |
| 13:45 | Crear | Archer |
| 14:01 | Crear | Fishing Ship |
| 14:12 | Crear | Fishing Ship |
| 14:18 | Crear | Villager (Male) |
| 14:24 | Crear | Archer |
| 14:48 | Construir | House |
| 16:06 | Investigar | Castle Age |
| 16:09 | Construir | Blacksmith |
| 16:12 | Crear | Archer |
| 16:12 | Crear | Archer |
| 16:42 | Investigar | Gold Mining |
| 16:42 | Investigar | Gold Mining |
| 16:59 | Crear | Archer |
| 17:12 | Investigar | Fletching |
| 17:14 | Crear | Villager (Male) |
| 17:17 | Construir | House |
| 17:18 | Construir | House |
| 17:20 | Construir | Palisade Wall |
| 17:28 | Crear | Fishing Ship |
| 17:29 | Crear | Fishing Ship |
| 18:21 | Crear | Archer |
| 18:23 | Crear | Villager (Male) |
| 18:37 | Crear | Archer |
| 18:46 | Edad | Edad de los Castillos |
| 18:49 | Investigar | Crossbowman (upgrade) |
| 19:00 | Investigar | Bodkin Arrow |
| 19:00 | Investigar | Bodkin Arrow |
| 19:04 | Construir | Siege Workshop |
| 19:10 | Crear | Villager (Male) |
| 19:11 | Crear | Archer |
| 19:23 | Crear | Archer |
| 19:34 | Crear | Villager (Male) |
| 19:34 | Crear | Villager (Male) |
| 19:37 | Construir | University |
| 19:46 | Crear | Villager (Male) |
| 19:57 | Crear | Villager (Male) |
| 19:58 | Crear | Archer |
| 20:02 | Crear | Villager (Male) |
| 20:05 | Construir | House |
| 20:07 | Crear | Archer |
| 20:27 | Crear | Villager (Male) |
| 20:31 | Crear | Archer |
| 20:34 | Investigar | Ballistics |
| 20:36 | Crear | Villager (Male) |
| 20:39 | Construir | Dock |
| 20:45 | Crear | Fishing Ship |
| 20:45 | Crear | Fishing Ship |
| 21:16 | Crear | Villager (Male) |
| 21:20 | Crear | Archer |
| 21:40 | Crear | Villager (Male) |
| 21:51 | Construir | Town Center |
| 22:06 | Crear | Archer |
| 22:13 | Crear | Villager (Male) |
| 22:14 | Crear | Archer |
| 22:36 | Crear | Villager (Male) |
| 22:37 | Crear | Archer |
| 22:44 | Crear | Archer |
| 22:49 | Crear | Villager (Male) |
| 23:30 | Crear | Villager (Male) |
| 23:35 | Crear | Villager (Male) |
| 23:39 | Crear | Villager (Male) |
| 23:40 | Crear | Villager (Male) |
| 23:45 | Crear | Fire Galley |
| 23:45 | Crear | Fire Galley |
| 23:46 | Crear | Fire Galley |
| 23:46 | Crear | Fire Galley |
| 24:05 | Construir | Farm |
| 24:06 | Crear | Villager (Male) |
| 24:14 | Crear | Villager (Male) |
| 24:16 | Construir | House |
| 24:18 | Construir | House |
| 24:24 | Construir | House |
| 24:28 | Crear | Villager (Male) |
| 24:29 | Crear | Archer |
| 24:30 | Crear | Archer |
| 24:36 | Crear | Villager (Male) |
| 24:48 | Investigar | War Galley (upgrade) |
| 24:55 | Crear | Fire Galley |
| 24:56 | Crear | Fire Galley |
| 24:56 | Crear | Fire Galley |
| 25:10 | Construir | House |
| 25:11 | Construir | House |
| 25:12 | Crear | Villager (Male) |
| 25:15 | Crear | Villager (Male) |
| 25:15 | Crear | Villager (Male) |
| 25:19 | Construir | Town Center |
| 25:20 | Crear | Villager (Male) |
| 25:21 | Crear | Villager (Male) |
| 25:39 | Crear | Archer |
| 25:54 | Crear | Villager (Male) |
| 26:15 | Crear | Villager (Male) |
| 26:16 | Crear | Archer |
| 26:23 | Crear | Villager (Male) |
| 26:30 | Crear | Fishing Ship |
| 26:34 | Crear | Unit 2626 |
| 26:35 | Crear | Unit 2626 |
Build order — GRANDFATHER
Primeras 150 de 264 acciones detectadas
| 0:06 | Construir | Town Center |
| 1:12 | Construir | Dock |
| 1:14 | Construir | House |
| 2:26 | Crear | Villager (Male) ×4 |
| 3:53 | Crear | Fishing Ship |
| 4:00 | Crear | Villager (Male) |
| 4:23 | Construir | House |
| 4:26 | Crear | Villager (Male) |
| 4:54 | Crear | Villager (Male) |
| 5:18 | Crear | Villager (Male) |
| 5:22 | Crear | Fishing Ship |
| 5:40 | Crear | Villager (Male) |
| 5:55 | Construir | House |
| 6:03 | Crear | Villager (Male) |
| 6:24 | Crear | Fishing Ship |
| 6:38 | Crear | Villager (Male) |
| 6:52 | Crear | Villager (Male) |
| 7:00 | Crear | Fishing Ship |
| 7:13 | Construir | House |
| 7:17 | Crear | Villager (Male) |
| 7:46 | Crear | Fishing Ship |
| 7:47 | Crear | Villager (Male) |
| 8:01 | Crear | Villager (Male) |
| 8:17 | Construir | Mill |
| 8:31 | Construir | House |
| 8:37 | Crear | Villager (Male) |
| 8:54 | Crear | Fishing Ship |
| 9:08 | Crear | Villager (Male) |
| 9:26 | Crear | Fishing Ship |
| 9:28 | Crear | Villager (Male) |
| 9:43 | Construir | House |
| 9:47 | Crear | Villager (Male) |
| 10:04 | Crear | Villager (Male) |
| 10:22 | Construir | Mining Camp |
| 10:27 | Construir | House |
| 10:34 | Investigar | Feudal Age |
| 10:38 | Construir | House |
| 10:52 | Construir | House |
| 10:57 | Crear | Fishing Ship |
| 11:04 | Construir | House |
| 11:27 | Construir | Mining Camp |
| 11:49 | Crear | Fishing Ship |
| 11:56 | Construir | House |
| 12:11 | Construir | House |
| 12:26 | Construir | House |
| 12:38 | Construir | House |
| 12:45 | Construir | Outpost |
| 12:49 | Construir | House |
| 12:56 | Crear | Villager (Male) |
| 12:58 | Edad | Edad Feudal |
| 13:00 | Construir | Market |
| 13:02 | Construir | House |
| 13:24 | Construir | Blacksmith |
| 13:26 | Crear | Villager (Male) |
| 13:26 | Crear | Villager (Male) |
| 13:33 | Construir | Outpost |
| 13:40 | Construir | Outpost |
| 14:19 | Investigar | Castle Age |
| 14:32 | Construir | Outpost |
| 14:58 | Construir | Lumber Camp |
| 15:04 | Construir | Outpost |
| 15:05 | Investigar | Town Watch |
| 15:16 | Construir | Watch Tower |
| 15:49 | Construir | Watch Tower |
| 15:53 | Investigar | Loom |
| 16:10 | Crear | Fishing Ship |
| 16:14 | Investigar | Double-Bit Axe |
| 16:28 | Construir | Outpost |
| 16:59 | Edad | Edad de los Castillos |
| 17:15 | Construir | Watch Tower |
| 17:24 | Investigar | Fletching |
| 17:35 | Crear | Villager (Male) |
| 17:36 | Crear | Villager (Male) |
| 18:10 | Construir | Siege Workshop |
| 18:20 | Construir | Outpost |
| 18:23 | Crear | Villager (Male) |
| 18:44 | Investigar | Bow Saw |
| 18:54 | Crear | Villager (Male) |
| 19:12 | Construir | House |
| 20:13 | Construir | Castle |
| 20:16 | Crear | Villager (Male) |
| 20:27 | Construir | Town Center |
| 21:00 | Crear | Villager (Male) |
| 21:00 | Crear | Villager (Male) |
| 21:35 | Construir | Mining Camp |
| 21:38 | Crear | Villager (Male) |
| 21:38 | Crear | Villager (Male) |
| 21:47 | Crear | Villager (Male) |
| 21:51 | Crear | Fishing Ship |
| 21:53 | Crear | Villager (Male) |
| 22:12 | Crear | Villager (Male) |
| 22:32 | Construir | Town Center |
| 22:40 | Crear | Villager (Male) |
| 22:41 | Crear | Villager (Male) |
| 22:49 | Crear | Villager (Male) |
| 22:50 | Crear | Villager (Male) |
| 22:55 | Crear | Jaguar Warrior |
| 22:59 | Crear | Jaguar Warrior |
| 23:13 | Construir | Dock |
| 23:24 | Crear | Villager (Male) |
| 23:44 | Construir | Lumber Camp |
| 24:00 | Construir | House |
| 24:07 | Crear | Fire Galley |
| 24:07 | Crear | Fire Galley |
| 24:17 | Crear | Villager (Male) |
| 24:33 | Crear | Villager (Male) |
| 24:34 | Crear | Villager (Male) |
| 24:38 | Construir | House |
| 24:42 | Crear | Unit 2626 |
| 24:43 | Crear | Unit 2626 |
| 25:17 | Crear | Villager (Male) |
| 25:18 | Crear | Villager (Male) |
| 25:18 | Crear | Villager (Male) |
| 25:21 | Crear | Villager (Male) |
| 25:27 | Construir | Barracks |
| 25:28 | Construir | Barracks |
| 25:42 | Construir | House |
| 25:57 | Investigar | War Galley (upgrade) |
| 26:02 | Crear | Unit 2626 |
| 26:04 | Crear | Villager (Male) |
| 26:05 | Crear | Villager (Male) |
| 26:26 | Construir | Barracks |
| 26:31 | Construir | Watch Tower |
| 26:35 | Construir | Watch Tower |
| 26:39 | Crear | Villager (Male) |
| 26:39 | Crear | Villager (Male) |
| 26:50 | Crear | Fishing Ship |
| 26:50 | Crear | Fishing Ship |
| 26:56 | Crear | Eagle Scout |
| 26:56 | Crear | Eagle Scout |
| 27:11 | Crear | Eagle Scout |
| 27:34 | Construir | Mining Camp |
| 27:47 | Crear | Fishing Ship |
| 27:48 | Crear | Fishing Ship |
| 27:56 | Crear | Unit 2626 |
| 27:56 | Crear | Unit 2626 |
| 28:04 | Crear | Villager (Male) |
| 28:05 | Crear | Villager (Male) |
| 28:05 | Crear | Villager (Male) |
| 28:23 | Crear | Villager (Male) |
| 28:24 | Crear | Villager (Male) |
| 28:24 | Crear | Villager (Male) |
| 29:06 | Crear | Unit 2626 |
| 29:06 | Crear | Unit 2626 |
| 29:15 | Crear | Villager (Male) |
| 29:16 | Crear | Villager (Male) |
| 29:23 | Crear | Eagle Scout |
| 29:23 | Crear | Eagle Scout |
| 29:43 | Crear | Villager (Male) |
| 29:58 | Construir | Siege Workshop |
Build order — slam
Primeras 150 de 187 acciones detectadas
| 0:15 | Construir | Dock |
| 0:26 | Construir | Town Center |
| 0:52 | Construir | Palisade Wall |
| 0:53 | Construir | Palisade Wall |
| 2:42 | Crear | Villager (Male) |
| 2:42 | Crear | Villager (Male) |
| 2:45 | Construir | House |
| 3:18 | Crear | Villager (Male) |
| 3:18 | Crear | Villager (Male) |
| 3:18 | Crear | Villager (Male) |
| 4:30 | Crear | Fishing Ship |
| 4:36 | Crear | Villager (Male) |
| 4:43 | Construir | House |
| 5:09 | Crear | Villager (Male) |
| 5:33 | Crear | Villager (Male) |
| 5:33 | Crear | Villager (Male) |
| 5:41 | Crear | Fishing Ship |
| 5:57 | Construir | House |
| 6:03 | Crear | Villager (Male) |
| 6:21 | Crear | Villager (Male) |
| 6:21 | Crear | Villager (Male) |
| 6:43 | Crear | Fishing Ship |
| 6:53 | Crear | Villager (Male) |
| 7:03 | Crear | Villager (Male) |
| 7:08 | Crear | Villager (Male) |
| 7:11 | Crear | Fishing Ship |
| 7:11 | Crear | Fishing Ship |
| 7:32 | Construir | House |
| 8:08 | Crear | Villager (Male) |
| 8:14 | Crear | Fishing Ship |
| 8:31 | Crear | Villager (Male) |
| 8:38 | Construir | House |
| 8:55 | Crear | Villager (Male) |
| 9:08 | Crear | Fishing Ship |
| 9:22 | Crear | Villager (Male) |
| 9:43 | Construir | Dock |
| 9:48 | Crear | Villager (Male) |
| 9:59 | Construir | House |
| 10:13 | Crear | Villager (Male) |
| 10:16 | Construir | Lumber Camp |
| 10:23 | Construir | House |
| 10:45 | Investigar | Feudal Age |
| 10:49 | Crear | Fishing Ship |
| 11:13 | Crear | Fishing Ship |
| 11:30 | Construir | Mining Camp |
| 11:51 | Construir | Mill |
| 12:00 | Construir | Palisade Wall |
| 12:06 | Crear | Fishing Ship |
| 12:15 | Crear | Fishing Ship |
| 12:55 | Edad | Edad Feudal |
| 12:58 | Construir | Market |
| 13:00 | Crear | Villager (Male) |
| 13:04 | Investigar | Loom |
| 13:16 | Construir | Blacksmith |
| 13:58 | Investigar | Castle Age |
| 14:16 | Investigar | Tech 906 |
| 14:16 | Investigar | Tech 906 |
| 14:28 | Construir | Outpost |
| 14:48 | Investigar | Double-Bit Axe |
| 15:25 | Investigar | Gold Mining |
| 16:38 | Edad | Edad de los Castillos |
| 16:41 | Construir | Siege Workshop |
| 16:45 | Construir | Monastery |
| 16:46 | Investigar | Bow Saw |
| 16:47 | Crear | Villager (Male) |
| 16:50 | Construir | Monastery |
| 16:55 | Investigar | Town Watch |
| 17:19 | Crear | Battering Ram |
| 17:25 | Construir | Barracks |
| 17:32 | Construir | House |
| 17:33 | Crear | Monk |
| 17:33 | Crear | Monk |
| 17:40 | Crear | Villager (Male) |
| 18:03 | Crear | Mangonel |
| 18:04 | Crear | Mangonel |
| 18:10 | Crear | Villager (Male) |
| 18:33 | Construir | Lumber Camp |
| 18:35 | Crear | Villager (Male) |
| 18:51 | Crear | Villager (Male) |
| 18:59 | Crear | Spearman |
| 19:17 | Investigar | Redemption |
| 19:22 | Crear | Spearman |
| 19:24 | Crear | Villager (Male) |
| 19:37 | Crear | Monk |
| 19:37 | Crear | Monk |
| 19:45 | Crear | Villager (Male) |
| 19:58 | Crear | Villager (Male) |
| 20:12 | Crear | Mangonel |
| 20:15 | Construir | House |
| 20:17 | Construir | House |
| 20:17 | Construir | House |
| 20:39 | Crear | Villager (Male) |
| 20:42 | Crear | Villager (Male) |
| 20:48 | Construir | Outpost |
| 20:57 | Crear | Villager (Male) |
| 21:00 | Construir | Mining Camp |
| 21:03 | Crear | Villager (Male) |
| 21:13 | Construir | House |
| 21:14 | Crear | Mangonel |
| 21:19 | Crear | Villager (Male) |
| 21:32 | Investigar | Horse Collar |
| 21:40 | Construir | Mill |
| 22:04 | Construir | Mining Camp |
| 22:15 | Crear | Villager (Male) |
| 22:30 | Construir | Dock |
| 22:44 | Crear | Mangonel |
| 23:12 | Crear | Fishing Ship |
| 23:17 | Crear | Villager (Male) |
| 23:43 | Crear | Villager (Male) |
| 23:56 | Crear | Fishing Ship |
| 24:11 | Investigar | Sanctity |
| 24:11 | Crear | Monk |
| 24:11 | Crear | Monk |
| 24:15 | Construir | Outpost |
| 24:20 | Construir | Town Center |
| 24:55 | Construir | House |
| 25:46 | Crear | Villager (Male) |
| 25:47 | Construir | Farm |
| 25:47 | Construir | Farm |
| 25:59 | Crear | Monk |
| 25:59 | Crear | Monk |
| 26:11 | Crear | Villager (Male) |
| 26:22 | Crear | Monk |
| 26:22 | Crear | Monk |
| 26:29 | Crear | Fishing Ship |
| 26:30 | Crear | Fishing Ship |
| 26:46 | Crear | Villager (Male) |
| 26:47 | Crear | Villager (Male) |
| 26:55 | Construir | Siege Workshop |
| 27:07 | Crear | Villager (Male) |
| 27:13 | Construir | House |
| 27:25 | Crear | Monk |
| 27:53 | Crear | Mangonel |
| 28:08 | Crear | Villager (Male) |
| 28:20 | Crear | Villager (Male) |
| 28:20 | Crear | Villager (Male) |
| 28:35 | Crear | Spearman |
| 28:35 | Crear | Spearman |
| 29:02 | Construir | Castle |
| 29:36 | Crear | Villager (Male) |
| 29:38 | Construir | House |
| 29:40 | Construir | Town Center |
| 29:59 | Construir | Lumber Camp |
| 30:04 | Construir | Farm |
| 30:28 | Construir | Farm |
| 30:29 | Construir | Farm |
| 30:30 | Construir | Farm |
| 30:55 | Construir | House |
| 31:13 | Construir | Mining Camp |
| 31:18 | Investigar | Imperial Age |
Build order — General Maximus Decimus Meridius
Primeras 150 de 154 acciones detectadas
| 0:22 | Construir | Town Center |
| 1:11 | Construir | Dock |
| 1:16 | Construir | House |
| 2:53 | Crear | Villager (Male) |
| 2:53 | Crear | Villager (Male) |
| 2:54 | Crear | Villager (Male) |
| 2:54 | Crear | Villager (Male) |
| 2:54 | Crear | Villager (Male) |
| 4:32 | Crear | Fishing Ship |
| 4:32 | Crear | Fishing Ship |
| 4:34 | Investigar | Loom |
| 4:35 | Crear | Villager (Male) |
| 4:36 | Crear | Villager (Male) |
| 5:04 | Construir | House |
| 5:18 | Crear | Fishing Ship |
| 5:52 | Crear | Villager (Male) |
| 5:52 | Crear | Villager (Male) |
| 6:13 | Crear | Villager (Male) |
| 6:14 | Crear | Villager (Male) |
| 6:35 | Crear | Villager (Male) |
| 6:35 | Crear | Villager (Male) |
| 6:45 | Construir | House |
| 6:55 | Crear | Fishing Ship |
| 6:56 | Crear | Fishing Ship |
| 6:57 | Crear | Villager (Male) |
| 6:57 | Crear | Villager (Male) |
| 7:24 | Crear | Villager (Male) |
| 7:24 | Crear | Villager (Male) |
| 7:41 | Crear | Fishing Ship |
| 7:41 | Crear | Fishing Ship |
| 7:45 | Crear | Villager (Male) |
| 7:45 | Crear | Villager (Male) |
| 8:07 | Crear | Fishing Ship |
| 8:07 | Crear | Fishing Ship |
| 8:10 | Crear | Villager (Male) |
| 8:10 | Crear | Villager (Male) |
| 8:24 | Construir | House |
| 8:29 | Crear | Villager (Male) |
| 8:29 | Crear | Villager (Male) |
| 8:42 | Crear | Fishing Ship |
| 9:10 | Crear | Villager (Male) |
| 9:10 | Crear | Villager (Male) |
| 9:24 | Crear | Fishing Ship |
| 9:43 | Crear | Villager (Male) |
| 9:52 | Construir | House |
| 10:03 | Crear | Fishing Ship |
| 10:27 | Crear | Villager (Male) |
| 10:43 | Construir | Mill |
| 10:58 | Construir | House |
| 11:25 | Investigar | Feudal Age |
| 11:25 | Investigar | Feudal Age |
| 11:55 | Construir | Mule Cart |
| 12:47 | Construir | Dock |
| 13:10 | Construir | House |
| 13:11 | Construir | House |
| 13:24 | Crear | Villager (Male) |
| 13:24 | Crear | Villager (Male) |
| 13:35 | Edad | Edad Feudal |
| 13:37 | Crear | Unit 2626 |
| 13:37 | Crear | Fire Galley |
| 14:04 | Construir | Market |
| 14:09 | Crear | Villager (Male) |
| 14:28 | Crear | Fire Galley |
| 14:49 | Crear | Unit 2626 |
| 15:00 | Crear | Villager (Male) |
| 15:10 | Construir | Blacksmith |
| 15:46 | Investigar | Castle Age |
| 15:49 | Construir | Mule Cart |
| 16:09 | Crear | Unit 2626 |
| 16:09 | Crear | Unit 2626 |
| 16:09 | Crear | Unit 2626 |
| 16:37 | Crear | Unit 2626 |
| 17:03 | Crear | Unit 2626 |
| 17:03 | Crear | Unit 2626 |
| 17:06 | Crear | Villager (Male) |
| 17:50 | Crear | Unit 2626 |
| 17:50 | Crear | Unit 2626 |
| 17:51 | Crear | Unit 2626 |
| 18:26 | Edad | Edad de los Castillos |
| 18:28 | Crear | Villager (Male) |
| 18:28 | Crear | Villager (Male) |
| 18:39 | Construir | House |
| 18:40 | Construir | House |
| 19:33 | Investigar | War Galley (upgrade) |
| 19:38 | Crear | Villager (Male) |
| 19:38 | Crear | Villager (Male) |
| 19:38 | Crear | Villager (Male) |
| 19:44 | Construir | Farm |
| 19:45 | Construir | Farm |
| 19:50 | Investigar | Double-Bit Axe |
| 19:50 | Investigar | Double-Bit Axe |
| 20:32 | Crear | Unit 2626 |
| 20:32 | Crear | Unit 2626 |
| 20:32 | Crear | Unit 2626 |
| 20:37 | Crear | Villager (Male) |
| 21:53 | Construir | Castle |
| 22:17 | Construir | Castle |
| 22:24 | Crear | Villager (Male) |
| 23:16 | Construir | Castle |
| 23:29 | Crear | Villager (Male) |
| 23:30 | Crear | Villager (Male) |
| 23:31 | Crear | Villager (Male) |
| 23:31 | Crear | Villager (Male) |
| 24:26 | Investigar | Fletching |
| 25:26 | Construir | Mule Cart |
| 26:13 | Crear | Composite Bowman |
| 26:13 | Crear | Composite Bowman |
| 26:29 | Crear | Composite Bowman |
| 26:49 | Crear | Composite Bowman |
| 26:50 | Crear | Composite Bowman |
| 27:16 | Crear | Composite Bowman |
| 27:16 | Crear | Composite Bowman |
| 27:17 | Crear | Composite Bowman |
| 27:21 | Crear | Villager (Male) |
| 27:21 | Crear | Villager (Male) |
| 27:37 | Crear | Composite Bowman |
| 28:16 | Crear | Composite Bowman |
| 28:31 | Crear | Composite Bowman |
| 28:32 | Crear | Composite Bowman |
| 28:43 | Crear | Villager (Male) |
| 28:43 | Crear | Villager (Male) |
| 28:53 | Construir | Siege Workshop |
| 29:04 | Crear | Composite Bowman |
| 29:04 | Crear | Composite Bowman |
| 29:04 | Crear | Composite Bowman |
| 29:22 | Crear | Composite Bowman |
| 29:23 | Crear | Composite Bowman |
| 29:52 | Crear | Composite Bowman |
| 29:52 | Crear | Composite Bowman |
| 30:13 | Crear | Scorpion |
| 30:37 | Crear | Scorpion |
| 30:53 | Crear | Composite Bowman |
| 31:31 | Crear | Scorpion |
| 31:37 | Crear | Villager (Male) |
| 31:37 | Crear | Villager (Male) |
| 32:12 | Construir | Farm |
| 33:01 | Crear | Villager (Male) |
| 33:01 | Crear | Villager (Male) |
| 33:18 | Construir | University |
| 33:28 | Construir | Monastery |
| 34:05 | Crear | Villager (Male) |
| 34:05 | Crear | Villager (Male) |
| 34:37 | Construir | Farm |
| 34:37 | Construir | Farm |
| 34:40 | Crear | Villager (Male) |
| 34:40 | Crear | Villager (Male) |
| 35:04 | Crear | Composite Bowman |
| 35:04 | Crear | Composite Bowman |
| 35:30 | Crear | Villager (Male) |
| 35:31 | Crear | Villager (Male) |
Build order — G-Dragon
Primeras 150 de 311 acciones detectadas
| 0:18 | Construir | Town Center |
| 0:47 | Construir | Dock |
| 0:52 | Construir | House |
| 0:56 | Construir | Palisade Wall |
| 2:36 | Crear | Villager (Male) |
| 2:36 | Crear | Villager (Male) |
| 2:37 | Crear | Villager (Male) |
| 2:37 | Crear | Villager (Male) |
| 3:14 | Crear | Villager (Male) |
| 3:25 | Crear | Fishing Ship |
| 3:25 | Crear | Fishing Ship |
| 3:55 | Construir | House |
| 4:43 | Crear | Villager (Male) |
| 4:43 | Crear | Villager (Male) |
| 5:11 | Investigar | Loom |
| 5:12 | Investigar | Loom |
| 5:23 | Construir | House |
| 5:30 | Construir | House |
| 5:46 | Crear | Fishing Ship |
| 5:52 | Crear | Villager (Male) |
| 6:05 | Crear | Fishing Ship |
| 6:22 | Crear | Villager (Male) |
| 6:25 | Construir | House |
| 6:33 | Crear | Fishing Ship |
| 6:52 | Crear | Villager (Male) |
| 6:52 | Crear | Villager (Male) |
| 7:10 | Crear | Fishing Ship |
| 7:21 | Crear | Villager (Male) |
| 7:21 | Crear | Villager (Male) |
| 7:26 | Construir | House |
| 7:47 | Crear | Villager (Male) |
| 7:48 | Crear | Fishing Ship |
| 8:08 | Crear | Villager (Male) |
| 8:13 | Crear | Fishing Ship |
| 8:21 | Construir | House |
| 8:40 | Crear | Villager (Male) |
| 8:41 | Crear | Villager (Male) |
| 8:59 | Crear | Villager (Male) |
| 9:02 | Construir | Dock |
| 9:09 | Construir | House |
| 9:28 | Crear | Villager (Male) |
| 9:39 | Crear | Fishing Ship |
| 9:43 | Crear | Fishing Ship |
| 9:56 | Crear | Villager (Male) |
| 9:58 | Crear | Fishing Ship |
| 10:11 | Crear | Fishing Ship |
| 10:15 | Crear | Villager (Male) |
| 10:45 | Construir | Settlement |
| 10:47 | Crear | Villager (Male) |
| 11:17 | Crear | Villager (Male) |
| 11:40 | Construir | Dock |
| 11:44 | Investigar | Feudal Age |
| 11:44 | Investigar | Feudal Age |
| 12:36 | Construir | House |
| 13:08 | Construir | Settlement |
| 13:17 | Crear | Villager (Male) |
| 13:18 | Crear | Villager (Male) |
| 13:54 | Edad | Edad Feudal |
| 13:59 | Crear | Unit 2626 |
| 14:00 | Crear | Unit 2626 |
| 14:00 | Crear | Unit 2626 |
| 14:03 | Construir | Market |
| 14:29 | Investigar | Double-Bit Axe |
| 14:33 | Crear | Villager (Male) |
| 14:46 | Crear | Unit 2626 |
| 14:52 | Crear | Unit 2626 |
| 14:52 | Crear | Unit 2626 |
| 15:03 | Crear | Villager (Male) |
| 15:28 | Crear | Villager (Male) |
| 15:29 | Construir | Blacksmith |
| 15:34 | Crear | Unit 2626 |
| 15:35 | Crear | Unit 2626 |
| 15:55 | Crear | Villager (Male) |
| 16:21 | Crear | Villager (Male) |
| 16:22 | Crear | Unit 2626 |
| 16:22 | Crear | Unit 2626 |
| 16:23 | Crear | Unit 2626 |
| 16:55 | Construir | House |
| 17:01 | Investigar | Castle Age |
| 17:01 | Investigar | Castle Age |
| 17:32 | Crear | Unit 2626 |
| 17:33 | Crear | Unit 2626 |
| 17:33 | Crear | Unit 2626 |
| 17:33 | Crear | Unit 2626 |
| 17:46 | Construir | House |
| 18:05 | Crear | Unit 2626 |
| 18:35 | Investigar | Gold Mining |
| 18:35 | Investigar | Gold Mining |
| 18:38 | Crear | Villager (Male) |
| 19:26 | Crear | Villager (Male) |
| 19:41 | Edad | Edad de los Castillos |
| 19:44 | Investigar | War Galley (upgrade) |
| 19:48 | Investigar | Tech 906 |
| 19:48 | Investigar | Tech 906 |
| 19:51 | Investigar | Bow Saw |
| 19:51 | Investigar | Bow Saw |
| 20:09 | Investigar | Wheelbarrow |
| 20:16 | Construir | Castle |
| 20:45 | Investigar | Gillnets |
| 20:46 | Investigar | Gillnets |
| 20:47 | Crear | Villager (Male) |
| 21:16 | Construir | House |
| 21:31 | Crear | Unit 2579 |
| 21:31 | Crear | Unit 2579 |
| 21:31 | Crear | Unit 2579 |
| 21:31 | Crear | Unit 2579 |
| 21:34 | Investigar | Fletching |
| 21:34 | Investigar | Fletching |
| 21:41 | Construir | Town Center |
| 21:52 | Crear | Unit 2579 |
| 21:52 | Crear | Unit 2579 |
| 21:56 | Crear | Villager (Male) |
| 22:10 | Crear | Unit 2579 |
| 22:10 | Crear | Unit 2579 |
| 22:11 | Crear | Unit 2579 |
| 22:19 | Construir | House |
| 22:25 | Crear | Villager (Male) |
| 22:38 | Crear | Villager (Male) |
| 22:47 | Crear | Villager (Male) |
| 22:49 | Crear | Villager (Male) |
| 22:50 | Crear | Unit 2579 |
| 23:04 | Investigar | Bodkin Arrow |
| 23:04 | Investigar | Bodkin Arrow |
| 23:08 | Investigar | Horse Collar |
| 23:28 | Crear | Unit 2579 |
| 23:35 | Construir | Settlement |
| 23:40 | Crear | Villager (Male) |
| 23:41 | Crear | Villager (Male) |
| 23:43 | Crear | Unit 2579 |
| 23:44 | Crear | Unit 2579 |
| 24:04 | Crear | Unit 2579 |
| 24:08 | Crear | Villager (Male) |
| 24:08 | Crear | Villager (Male) |
| 24:10 | Construir | House |
| 24:11 | Construir | House |
| 24:11 | Construir | House |
| 24:30 | Crear | Unit 2579 |
| 24:30 | Crear | Unit 2579 |
| 24:35 | Investigar | Padded Archer Armor |
| 24:35 | Investigar | Padded Archer Armor |
| 24:41 | Crear | Villager (Male) |
| 24:41 | Crear | Villager (Male) |
| 24:53 | Construir | Settlement |
| 25:01 | Crear | Unit 2579 ×2 |
| 25:20 | Crear | Unit 2579 |
| 25:21 | Crear | Unit 2579 |
| 25:27 | Crear | Villager (Male) |
| 25:27 | Crear | Villager (Male) |
| 25:33 | Construir | Town Center |
| 25:37 | Investigar | Stone Mining |
Build order — 白龍
Primeras 150 de 322 acciones detectadas
| 0:30 | Construir | Town Center |
| 0:56 | Construir | Dock |
| 0:58 | Construir | House |
| 2:51 | Crear | Villager (Male) |
| 2:51 | Crear | Villager (Male) |
| 2:52 | Crear | Villager (Male) |
| 2:52 | Crear | Villager (Male) |
| 2:52 | Crear | Villager (Male) |
| 3:14 | Construir | House |
| 3:59 | Crear | Villager (Male) |
| 4:00 | Crear | Villager (Male) |
| 4:38 | Crear | Fishing Ship |
| 4:45 | Crear | Villager (Male) |
| 4:59 | Construir | House |
| 5:18 | Crear | Villager (Male) |
| 5:49 | Crear | Villager (Male) |
| 5:50 | Crear | Fishing Ship |
| 6:08 | Crear | Villager (Male) |
| 6:35 | Construir | House |
| 6:36 | Crear | Villager (Male) |
| 6:37 | Crear | Villager (Male) |
| 6:38 | Crear | Fishing Ship |
| 6:46 | Crear | Fishing Ship |
| 7:11 | Crear | Villager (Male) |
| 7:12 | Crear | Villager (Male) |
| 7:22 | Construir | House |
| 7:22 | Construir | House |
| 7:26 | Crear | Villager (Male) |
| 7:53 | Crear | Villager (Male) |
| 7:54 | Crear | Villager (Male) |
| 7:55 | Crear | Fishing Ship |
| 8:01 | Construir | House |
| 8:21 | Crear | Villager (Male) |
| 8:22 | Crear | Villager (Male) |
| 8:34 | Crear | Villager (Male) |
| 8:34 | Crear | Villager (Male) |
| 8:35 | Crear | Fishing Ship |
| 8:41 | Construir | Palisade Wall |
| 9:08 | Construir | Dock |
| 9:09 | Crear | Villager (Male) |
| 9:09 | Crear | Villager (Male) |
| 9:17 | Construir | House |
| 9:19 | Crear | Fishing Ship |
| 9:39 | Crear | Villager (Male) |
| 9:39 | Crear | Villager (Male) |
| 9:40 | Crear | Villager (Male) |
| 9:41 | Crear | Fishing Ship |
| 9:46 | Crear | Fishing Ship |
| 9:50 | Crear | Villager (Male) |
| 9:51 | Crear | Villager (Male) |
| 10:00 | Construir | House |
| 10:03 | Crear | Fishing Ship |
| 10:17 | Crear | Villager (Male) |
| 10:34 | Crear | Fishing Ship |
| 10:36 | Crear | Fishing Ship |
| 10:59 | Construir | Mining Camp |
| 11:16 | Crear | Villager (Male) |
| 11:17 | Crear | Fishing Ship |
| 11:37 | Crear | Fishing Ship |
| 11:44 | Crear | Villager (Male) |
| 11:55 | Crear | Fishing Ship |
| 12:20 | Investigar | Feudal Age |
| 12:21 | Investigar | Feudal Age |
| 12:22 | Crear | Fishing Ship |
| 12:38 | Construir | Mill |
| 12:44 | Construir | Mill |
| 12:45 | Crear | Fishing Ship |
| 13:04 | Crear | Villager (Male) |
| 13:09 | Construir | Barracks |
| 13:38 | Edad | Edad Feudal |
| 13:44 | Crear | Fishing Ship |
| 13:44 | Crear | Fishing Ship |
| 13:57 | Crear | Villager (Male) |
| 14:02 | Construir | Archery Range |
| 14:22 | Construir | Blacksmith |
| 14:26 | Crear | Villager (Male) |
| 14:30 | Construir | House |
| 14:36 | Construir | House |
| 14:39 | Crear | Archer |
| 14:43 | Crear | Villager (Male) |
| 15:04 | Crear | Archer |
| 15:24 | Crear | Villager (Male) |
| 15:28 | Construir | Archery Range |
| 15:42 | Construir | Watch Tower |
| 15:45 | Crear | Archer |
| 15:47 | Investigar | Castle Age |
| 16:00 | Crear | Archer |
| 16:14 | Construir | House |
| 16:16 | Construir | House |
| 16:21 | Investigar | Fletching |
| 16:25 | Construir | Lumber Camp |
| 16:41 | Crear | Archer |
| 16:50 | Crear | Archer |
| 17:25 | Edad | Edad de los Castillos |
| 17:29 | Crear | Villager (Male) |
| 17:33 | Crear | Archer |
| 17:37 | Investigar | Double-Bit Axe |
| 17:39 | Investigar | Gold Mining |
| 17:49 | Crear | Archer |
| 17:50 | Crear | Villager (Male) |
| 18:31 | Crear | Archer |
| 18:32 | Crear | Villager (Male) |
| 18:32 | Crear | Villager (Male) |
| 18:45 | Investigar | Crossbowman (upgrade) |
| 18:52 | Construir | Siege Workshop |
| 19:03 | Crear | Archer |
| 19:07 | Investigar | Loom |
| 19:20 | Crear | Archer |
| 19:26 | Crear | Villager (Male) |
| 19:48 | Crear | Mangonel |
| 19:56 | Crear | Archer |
| 19:56 | Crear | Archer |
| 20:09 | Crear | Villager (Male) |
| 20:12 | Crear | Archer |
| 20:17 | Crear | Archer |
| 20:22 | Crear | Villager (Male) |
| 20:27 | Construir | House |
| 20:28 | Construir | House |
| 20:29 | Construir | House |
| 20:33 | Crear | Archer |
| 20:37 | Investigar | Bodkin Arrow |
| 20:38 | Investigar | Bodkin Arrow |
| 20:40 | Investigar | Padded Archer Armor |
| 20:40 | Crear | Villager (Male) |
| 20:52 | Crear | Archer |
| 20:52 | Crear | Archer |
| 20:53 | Crear | Archer |
| 20:55 | Crear | Villager (Male) |
| 21:07 | Crear | Villager (Male) |
| 21:21 | Construir | Dock |
| 21:25 | Crear | Archer |
| 21:28 | Crear | Unit 2626 |
| 21:29 | Crear | Unit 2626 |
| 21:44 | Crear | Archer |
| 21:44 | Crear | Archer |
| 21:46 | Crear | Villager (Male) |
| 21:48 | Construir | Mining Camp |
| 21:55 | Investigar | Bow Saw |
| 21:55 | Investigar | Bow Saw |
| 22:02 | Crear | Archer |
| 22:02 | Crear | Villager (Male) |
| 22:15 | Crear | Villager (Male) |
| 22:18 | Crear | Archer |
| 22:37 | Crear | Archer |
| 22:38 | Crear | Mangonel |
| 22:41 | Crear | Villager (Male) |
| 22:54 | Crear | Villager (Male) |
| 23:00 | Construir | House |
| 23:01 | Construir | House |
| 23:01 | Construir | House |
Build order — AeS.Sero
Primeras 150 de 213 acciones detectadas
| 0:23 | Construir | Town Center |
| 1:18 | Construir | Dock |
| 1:20 | Construir | House |
| 2:38 | Crear | Villager (Male) |
| 2:39 | Crear | Villager (Male) |
| 2:42 | Crear | Villager (Male) |
| 2:42 | Crear | Villager (Male) |
| 4:11 | Crear | Villager (Male) |
| 4:25 | Crear | Fishing Ship |
| 4:44 | Investigar | Loom |
| 4:44 | Investigar | Loom |
| 4:52 | Crear | Villager (Male) |
| 5:15 | Crear | Fishing Ship |
| 5:23 | Construir | House |
| 5:45 | Crear | Villager (Male) |
| 5:45 | Crear | Villager (Male) |
| 6:05 | Construir | House |
| 6:08 | Crear | Villager (Male) |
| 6:08 | Crear | Villager (Male) |
| 6:26 | Crear | Villager (Male) |
| 6:43 | Crear | Fishing Ship |
| 6:44 | Crear | Fishing Ship |
| 7:00 | Crear | Villager (Male) |
| 7:00 | Crear | Villager (Male) |
| 7:16 | Crear | Villager (Male) |
| 7:20 | Crear | Fishing Ship |
| 7:41 | Crear | Fishing Ship |
| 7:43 | Crear | Villager (Male) |
| 7:49 | Construir | House |
| 8:09 | Crear | Fishing Ship |
| 8:25 | Crear | Villager (Male) |
| 8:29 | Crear | Villager (Male) |
| 8:57 | Crear | Villager (Male) |
| 8:57 | Crear | Villager (Male) |
| 9:05 | Construir | Lumber Camp |
| 9:07 | Crear | Villager (Male) |
| 9:09 | Construir | House |
| 9:12 | Construir | Palisade Wall |
| 9:29 | Crear | Villager (Male) |
| 9:42 | Crear | Fishing Ship |
| 10:01 | Crear | Villager (Male) |
| 10:20 | Construir | Palisade Wall |
| 10:24 | Crear | Villager (Male) |
| 10:27 | Crear | Fishing Ship |
| 10:58 | Crear | Villager (Male) |
| 11:10 | Construir | Mill |
| 11:24 | Investigar | Feudal Age |
| 11:24 | Investigar | Feudal Age |
| 11:41 | Construir | Dock |
| 12:10 | Crear | Villager (Male) |
| 12:30 | Construir | Mining Camp |
| 13:31 | Construir | House |
| 13:34 | Edad | Edad Feudal |
| 13:44 | Construir | Blacksmith |
| 13:50 | Crear | Villager (Male) |
| 14:05 | Construir | Market |
| 14:10 | Construir | Palisade Wall |
| 14:18 | Crear | Villager (Male) |
| 15:04 | Investigar | Castle Age |
| 15:21 | Investigar | Double-Bit Axe |
| 15:22 | Investigar | Double-Bit Axe |
| 15:53 | Crear | Villager (Male) |
| 15:59 | Investigar | Stone Mining |
| 16:03 | Investigar | Horse Collar |
| 16:47 | Construir | House |
| 16:51 | Construir | House |
| 17:06 | Construir | House |
| 17:10 | Construir | Palisade Wall |
| 17:16 | Crear | Villager (Male) |
| 17:44 | Construir | House |
| 17:44 | Edad | Edad de los Castillos |
| 17:48 | Construir | Palisade Wall |
| 17:49 | Crear | Villager (Male) |
| 17:57 | Construir | Castle |
| 18:05 | Investigar | Bow Saw |
| 18:05 | Investigar | Bow Saw |
| 18:06 | Crear | Villager (Male) |
| 18:14 | Construir | Town Center |
| 18:29 | Construir | Siege Workshop |
| 18:46 | Construir | House |
| 18:53 | Crear | Villager (Male) |
| 19:22 | Crear | Mangonel |
| 19:25 | Crear | Villager (Male) |
| 19:33 | Crear | Villager (Male) |
| 19:41 | Investigar | Town Watch |
| 19:41 | Investigar | Town Watch |
| 19:51 | Crear | Villager (Male) |
| 19:58 | Crear | Villager (Male) |
| 20:05 | Crear | Villager (Male) |
| 20:16 | Investigar | Fletching |
| 20:16 | Investigar | Fletching |
| 20:42 | Crear | Villager (Male) |
| 20:54 | Crear | Villager (Male) |
| 21:03 | Crear | Villager (Male) |
| 21:15 | Construir | House |
| 21:19 | Crear | Villager (Male) |
| 21:32 | Crear | Villager (Male) |
| 21:41 | Crear | Mangonel |
| 21:43 | Crear | Villager (Male) |
| 21:47 | Construir | House |
| 21:48 | Construir | House |
| 21:50 | Crear | Villager (Male) |
| 21:55 | Crear | Villager (Male) |
| 22:02 | Construir | Farm |
| 22:03 | Construir | Farm |
| 22:08 | Construir | Farm |
| 22:10 | Construir | Farm |
| 22:16 | Crear | Villager (Male) |
| 22:32 | Crear | Scorpion |
| 22:33 | Crear | Villager (Male) |
| 22:36 | Construir | House |
| 22:40 | Construir | House |
| 22:41 | Construir | House |
| 22:55 | Crear | Villager (Male) |
| 23:04 | Crear | Villager (Male) |
| 23:15 | Crear | Villager (Male) |
| 23:22 | Crear | Villager (Male) |
| 23:28 | Crear | Mangonel |
| 23:28 | Crear | Mangonel |
| 23:36 | Crear | Villager (Male) |
| 23:44 | Construir | Farm |
| 23:51 | Crear | Villager (Male) |
| 23:53 | Construir | Barracks |
| 24:21 | Crear | Mangonel |
| 24:22 | Crear | Villager (Male) |
| 24:26 | Construir | House |
| 24:31 | Crear | Villager (Male) |
| 24:33 | Construir | Stable |
| 24:38 | Crear | Villager (Male) |
| 24:53 | Crear | Villager (Male) |
| 24:58 | Crear | Villager (Male) |
| 25:30 | Crear | Villager (Male) |
| 25:46 | Crear | Villager (Male) |
| 25:48 | Crear | Mangonel |
| 25:48 | Crear | Villager (Male) |
| 25:51 | Crear | Villager (Male) |
| 25:57 | Construir | Town Center |
| 26:00 | Crear | Villager (Male) |
| 26:05 | Crear | Villager (Male) |
| 26:29 | Construir | Monastery |
| 26:30 | Crear | Villager (Male) |
| 26:45 | Crear | Villager (Male) |
| 26:54 | Construir | Stable |
| 26:55 | Crear | Villager (Male) |
| 27:00 | Crear | Villager (Male) |
| 27:09 | Construir | Lumber Camp |
| 27:11 | Crear | Villager (Male) |
| 27:24 | Investigar | Light Cavalry (upgrade) |
| 27:30 | Construir | Mill |
| 27:34 | Construir | Farm |
Cronología de la partida
| 0:15 | slam · first_building Dock |
| 0:47 | G-Dragon · first_building Dock |
| 0:51 | PUNISHER · first_building Dock |
| 0:52 | slam · wall_segment Palisade Wall x1 |
| 0:53 | slam · wall_segment Palisade Wall x1 |
| 0:56 | G-Dragon · wall_segment Palisade Wall x1 |
| 0:56 | 白龍 · first_building Dock |
| 1:11 | General Maximus Decimus Meridius · first_building Dock |
| 1:12 | GRANDFATHER · first_building Dock |
| 1:18 | AeS.Sero · first_building Dock |
| 1:23 | RD | Kiko · first_building Dock |
| 3:37 | PUNISHER · wall_segment Palisade Wall x1 |
| 3:43 | PUNISHER · wall_segment Palisade Wall x1 |
| 8:33 | PUNISHER · wall_segment Palisade Wall x1 |
| 8:34 | PUNISHER · wall_segment Palisade Wall x1 |
| 8:41 | 白龍 · wall_segment Palisade Wall x7 |
| 9:12 | AeS.Sero · wall_segment Palisade Wall x3 |
| 10:20 | AeS.Sero · wall_segment Palisade Wall x5 |
| 10:40 | RD | Kiko · first_building Barracks |
| 12:00 | slam · wall_segment Palisade Wall x1 |
| 12:07 | RD | Kiko · age_up feudal |
| 12:17 | RD | Kiko · first_building Archery Range |
| 12:39 | PUNISHER · wall_segment Palisade Wall x1 |
| 12:55 | slam · age_up feudal |
| 12:58 | GRANDFATHER · age_up feudal |
| 13:09 | 白龍 · first_building Barracks |
| 13:17 | PUNISHER · age_up feudal |
| 13:34 | AeS.Sero · age_up feudal |
| 13:35 | General Maximus Decimus Meridius · age_up feudal |
| 13:38 | 白龍 · age_up feudal |
| 13:54 | G-Dragon · age_up feudal |
| 13:55 | slam · first_market_buy 100 food |
| 13:56 | slam · first_market_sell 100 stone |
| 13:58 | GRANDFATHER · first_market_buy 100 food |
| 14:01 | GRANDFATHER · first_market_sell 100 wood |
| 14:02 | 白龍 · first_building Archery Range |
| 14:10 | AeS.Sero · wall_segment Palisade Wall x1 |
| 14:22 | PUNISHER · first_market_sell 100 stone |
| 14:30 | PUNISHER · wall_segment Palisade Wall x1 |
| 14:46 | PUNISHER · wall_segment Palisade Wall x1 |
| 14:47 | PUNISHER · wall_segment Palisade Wall x1 |
| 14:48 | PUNISHER · wall_segment Palisade Wall x1 |
| 14:51 | PUNISHER · wall_segment Palisade Wall x1 |
| 14:55 | AeS.Sero · first_market_sell 100 stone |
| 15:12 | PUNISHER · wall_segment Palisade Wall x1 |
| 15:32 | RD | Kiko · first_market_sell 100 stone |
| 15:33 | RD | Kiko · first_market_buy 100 food |
| 15:45 | General Maximus Decimus Meridius · first_market_sell 100 food |
| 16:38 | slam · age_up castle |
| 16:41 | slam · first_building Siege Workshop |
| 16:45 | slam · first_building Monastery |
| 16:59 | GRANDFATHER · age_up castle |
| 17:10 | AeS.Sero · wall_segment Palisade Wall x1 |
| 17:12 | PUNISHER · age_up castle |
| 17:20 | RD | Kiko · wall_segment Palisade Wall x1 |
| 17:20 | PUNISHER · first_market_buy 100 stone |
| 17:25 | 白龍 · age_up castle |
| 17:25 | slam · first_building Barracks |
| 17:44 | AeS.Sero · age_up castle |
| 17:48 | AeS.Sero · wall_segment Palisade Wall x7 |
| 17:51 | PUNISHER · first_building Castle |
| 17:57 | AeS.Sero · first_building Castle |
| 18:10 | GRANDFATHER · first_building Siege Workshop |
| 18:26 | General Maximus Decimus Meridius · age_up castle |
| 18:29 | AeS.Sero · first_building Siege Workshop |
| 18:46 | RD | Kiko · age_up castle |
| 18:52 | 白龍 · first_building Siege Workshop |
| 19:04 | RD | Kiko · first_building Siege Workshop |
| 19:20 | AeS.Sero · first_market_buy 100 wood |
| 19:41 | G-Dragon · age_up castle |
| 20:13 | GRANDFATHER · first_building Castle |
| 20:16 | G-Dragon · first_building Castle |
| 21:21 | PUNISHER · first_building Siege Workshop |
| 21:53 | General Maximus Decimus Meridius · first_building Castle |
| 23:10 | General Maximus Decimus Meridius · first_market_buy 100 stone |
| 23:53 | AeS.Sero · first_building Barracks |
| 24:33 | AeS.Sero · first_building Stable |
| 25:27 | GRANDFATHER · first_building Barracks |
| 26:29 | AeS.Sero · first_building Monastery |
| 26:54 | RD | Kiko · wall_segment Palisade Wall x1 |
| 28:02 | 白龍 · first_building Castle |
| 28:53 | General Maximus Decimus Meridius · first_building Siege Workshop |
| 29:02 | slam · first_building Castle |
| 29:04 | G-Dragon · first_market_sell 500 wood |
| 29:40 | 白龍 · first_market_sell 100 wood |
| 31:42 | 白龍 · age_up imperial |
| 32:57 | GRANDFATHER · wall_segment Stone Wall x10 |
| 33:28 | General Maximus Decimus Meridius · first_building Monastery |
| 33:42 | GRANDFATHER · wall_segment Stone Wall x9 |
| 34:28 | slam · age_up imperial |
| 35:42 | RD | Kiko · first_building Stable |
| 35:43 | 白龍 · wall_segment Stone Wall x7 |
| 36:40 | G-Dragon · age_up imperial |
| 36:53 | RD | Kiko · first_building Castle |
| 37:00 | General Maximus Decimus Meridius · resign |
| 38:09 | RD | Kiko · age_up imperial |
[ ANÁLISIS IA · 1 CRÉDITO ]
¿Qué pasó realmente en esta partida?
Wolo.gg analiza cada decisión: build order, eco, micro, errores típicos por bracket. Análisis personalizado por WhatsApp o Discord en 30 segundos.
Guía civ
Malíes
Perfil
Jugador #24001080